 Dungeon Crawl Stone Soup version 0.28-a0-535-g6f645e4c1d (webtiles) character file.

Game seed: 7308339858697673155

122146 siradein the Thrower (level 16, -8/161 HPs)
             Began as a Troll Hunter on Sept 27, 2021.
             Was an Initiate of Gozag.
             Killed from afar by a starcursed mass (9 damage)
             ... with an accursed screaming
             ... summoned by Mlioglotl
             ... on level 2 of the Shoals.
             The game lasted 03:28:37 (34876 turns).

siradein the Thrower (Troll Hunter)                Turns: 34876, Time: 03:28:38

Health: -8/161     AC: 23    Str: 28    XL:     16   Next: 34%
Magic:  22/22      EV: 11    Int: 11    God:    Gozag
Gold:   245        SH: 13    Dex: 15    Spells: 15/15 levels left

rFire   x . .      SeeInvis +   J - +8 whip "Snakebite" {venom, curare, rPois}
rCold   + + +      Faith    .   t - +5 kite shield {rC+}
rNeg    + . .      Spirit   .   H - +7 ice dragon scales "Ukamon" {rF- rC++ Str+8 Int+4 Slay-6}
rPois   +          Reflect  .   w - +0 mask of the Dragon {Will+ Slay+3 SInv}
rElec   .          Harm     .   F - +2 cloak {rPois}
rCorr   .          Rampage  .   (gloves unavailable)
Will    ++...      Rage     1%  (boots unavailable)
Stlth   ..........              G - amulet of regeneration
HPRegen 2.36/turn               O - ring "Jossir" {rN+ MP+9 Slay+3}
MPRegen 0.18/turn               q - ring of flight

@: about to teleport, flying, studying Staves
A: large, unfitting armour, claws 3, regeneration 1, shaggy fur 1, tough skin 1,
iridescent scales 1, berserk 1, deformed body, low mp 1, weak 2
a: Renounce Religion, Potion Petition, Call Merchant, Bribe Branch


You were on level 2 of the Shoals.
You worshipped Gozag.
Gozag was aware of your devotion.
You visited 4 branches of the dungeon, and saw 25 of its levels.
You also visited: Ossuary, Bailey and Ice Cave.

You collected 9588 gold pieces.
You spent 4108 gold pieces at shops.
You paid 5235 gold pieces to Gozag.

Inventory:

Hand Weapons
 n - a +3 fustibalus of freezing
 J - the +8 whip "Snakebite" (weapon) {venom, curare, rPois}
   (You found it on level 4 of the Lair of Beasts)

   It poisons the flesh of those it strikes.
   It occasionally inflicts asphyxiating poison on those it strikes, dealing
   poison damage and causing slowness.
   rPois:     It protects you from poison.
 M - the +10 demon blade of Oenomania {pain, Str+3}
   (You found it in a bailey)

   In the hands of one skilled in necromantic magic, it inflicts extra damage on
   living creatures.
   Str:       It affects your strength (+3).
 S - a +2 lajatang of speed
Missiles
 d - 5 boomerangs of dispersal
 i - 11 throwing nets
 I - 173 sling bullets
 N - 17 boomerangs
 P - 33 large rocks
 Q - 87 poisoned darts (quivered)
 V - 7 javelins
Armour
 t - a +5 kite shield of cold resistance (worn)
 w - the +0 mask of the Dragon (worn) {Will+ Slay+3 SInv}
   (You bought it in a shop on level 2 of the Orcish Mines)

   Slay:      It affects your accuracy & damage with ranged weapons and melee
   (+3).
   SInv:      It lets you see invisible.
   Will:      It increases your willpower.
 F - a +2 cloak of poison resistance (worn)
 H - the +7 ice dragon scales "Ukamon" (worn) {rF- rC++ Str+8 Int+4 Slay-6}
   (You bought it in a shop on level 12 of the Dungeon)

   Str:       It affects your strength (+8).
   Int:       It affects your intelligence (+4).
   Slay:      It affects your accuracy & damage with ranged weapons and melee
   (-6).
   rF:        It makes you vulnerable to fire.
   rC:        It greatly protects you from cold.
Jewellery
 q - a ring of flight (right claw)
 D - the ring "Dokeatapu" {rF+ Int+6 Dex+4}
   (You acquired it on level 15 of the Dungeon)

   [ring of intelligence]

   Int:       It affects your intelligence (+6).
   Dex:       It affects your dexterity (+4).
   rF:        It protects you from fire.
 G - an amulet of regeneration (around neck)
 O - the ring "Jossir" (left claw) {rN+ MP+9 Slay+3}
   (You found it on level 1 of the Lair of Beasts)

   [ring of magical power]

   Slay:      It affects your accuracy & damage with ranged weapons and melee
   (+3).
   rN:        It protects you from negative energy.
   MP:        It affects your magic capacity (+9).
 Y - the ring "Zyhoarch" {rElec Will- Int+4 Dex+2 SInv}
   (You bought it in a shop on level 4 of the Lair of Beasts)

   [ring of see invisible]

   Int:       It affects your intelligence (+4).
   Dex:       It affects your dexterity (+2).
   rElec:     It insulates you from electricity.
   SInv:      It lets you see invisible.
   Will:      It decreases your willpower.
Wands
 g - a wand of mindburst (16)
 l - a wand of paralysis (3)
 u - a wand of charming (13)
 x - a wand of iceblast (52)
 y - a wand of acid (21)
 C - a wand of flame (85)
 X - a wand of digging (4)
Scrolls
 a - 2 scrolls of fear
 c - a scroll of brand weapon
 e - 2 scrolls of enchant armour
 h - a scroll of summoning
 r - 2 scrolls of magic mapping
 s - a scroll of identify
 E - 7 scrolls of teleportation
 K - 3 scrolls of fog
 L - 4 scrolls of blinking
 R - a scroll of immolation
 T - a scroll of holy word
 Z - 2 scrolls of silence
Potions
 b - 3 potions of flight
 j - 4 potions of magic
 m - 2 potions of resistance
 o - 10 potions of curing
 p - 5 potions of brilliance
 v - 2 potions of haste
 z - 2 potions of invisibility
 A - a potion of ambrosia
 B - 2 potions of might
Miscellaneous
 f - a condenser vane (inert)
 U - a phantom mirror
 W - a lightning rod (4/4)


   Skills:
 + Level 10.9 Fighting
 - Level 5.3(8.9) Maces & Flails
 + Level 10.1(10.6) Staves
 + Level 14.8 Throwing
 + Level 10.8 Armour
 + Level 11.0 Dodging
 - Level 0.3 Stealth
 + Level 2.5 Shields
 + Level 7.9 Evocations


You had 15 spell levels left.
You didn't know any spells.
Your spell library contained the following spells:

 Spells                   Type           Power      Damage    Failure   Level
 Foxfire                  Conj/Fire      0%         2x1d4     97%         1
 Magic Dart               Conj           0%         1d3       97%         1
 Sting                    Tmut/Pois      0%         1d3       97%         1
 Corpse Rot               Necr/Air       N/A        N/A       99%         2
 Poisonous Vapours        Pois/Air       0%         N/A       99%         2
 Searing Ray              Conj           0%         2d4       99%         2
 Slow                     Hex            0%         N/A       99%         2
 Static Discharge         Conj/Air       0%         N/A       99%         2
 Call Canine Familiar     Summ           0%         N/A       100%        3
 Confusing Touch          Hex            0%         N/A       100%        3
 Conjure Flame            Conj/Fire      0%         6-21      100%        3
 Ignite Poison            Fire/Tmut/Pois 0%         N/A       100%        3
 Inner Flame              Hex/Fire       0%         N/A       100%        3
 Mephitic Cloud           Conj/Pois/Air  0%         N/A       100%        3
 Portal Projectile        Hex/Tloc       0%         N/A       100%        3
 Vampiric Draining        Necr           0%         2d6       100%        3
 Flame Wave               Conj/Fire      0%         3d3       100%        4
 Fulminant Prism          Conj/Hex       0%         3d6       100%        4
 Iskenderun's Mystic Bla  Conj/Tloc      0%         2d3       100%        4
 Leda's Liquefaction      Hex/Erth       0%         N/A       100%        4
 Olgreb's Toxic Radiance  Pois           0%         N/A       100%        4
 Summon Ice Beast         Ice/Summ       0%         N/A       100%        4
 Blade Hands              Tmut           0%         N/A       100%        5
 Excruciating Wounds      Necr           0%         N/A       100%        5
 Fireball                 Conj/Fire      0%         3d3       100%        5
 Freezing Cloud           Conj/Ice/Air   0%         6-21      100%        5
 Lee's Rapid Deconstruct  Erth           0%         3d5*      100%        5
 Lightning Bolt           Conj/Air       0%         1d11      100%        5
 Summon Mana Viper        Hex/Summ       0%         N/A       100%        5
 Starburst                Conj/Fire      0%         6d3       100%        6
 Monstrous Menagerie      Summ           0%         N/A       100%        7
 Ozocubu's Refrigeration  Ice            0%         4d5       100%        7
 Ignition                 Fire           0%         3d3       100%        8
 Maxwell's Capacitive Co  Air            0%         ∞         100%        8


Dungeon Overview and Level Annotations

Branches:
Dungeon (15/15)            Temple (0/1) D:7            Lair (6/6) D:9
 Shoals (1/4) Lair:2        Snake (0/4) Lair:4        Slime (0/5) Lair:5
    Orc (2/2) D:12            Elf (0/3) Orc:2        Vaults (0/5) D:14
 Depths (0/4) D:15        Ossuary (visited)          Bailey (visited)
  IceCv (visited)

Altars:
Elyvilon
Gozag
Hepliaklqana
Kikubaaqudgha
Okawaru
Qazlal
Ru
Trog
Uskayaw
Xom
The Shining One
Jiyva

Shops:
D:4 [   D:6 (   D:7 ?   D:11 ?   D:12 [   Orc:2 :*[(   Lair:2 [   Lair:4 =
Shoals:1 **

Annotations:
Shoals:2 Mlioglotl


Innate Abilities, Weirdness & Mutations

You are too large for most types of armour.
You have claws for hands.
Your natural rate of healing is unusually fast.
You are covered in fur. (AC +1)
You have tough skin. (AC +1)
You are partially covered in iridescent scales. (AC +2)
You tend to lose your temper in combat.
Armour fits poorly on your strangely shaped body.
Your magical capacity is low. (-10% MP)
You are very weak. (Str -4)


Message History

The fire burns you terribly!
You are engulfed in a cloud of scalding steam.
A manticore comes into view.
The smoke demon is engulfed in blazing flames.
The smoke demon gestures at you. Something smites you!
You block the sun demon's attack.
The smoke demon is engulfed in blazing flames.
A starcursed mass splits.
The starcursed mass is engulfed in a cloud of scalding steam.
The starcursed mass shudders and is absorbed by its neighbour. x2
The smoke demon is engulfed in blazing flames.
The smoke demon gestures at you. Something smites you!
The smoke demon is engulfed in blazing flames.
A starcursed mass splits.
The manticore bites you! You block the manticore's attack. x2
A starcursed mass splits.
You block the sun demon's attack.
A starcursed mass splits.
The white imp gestures at you.
The puff of frost hits you but does no damage.
The manticore flicks its tail.
The volley of spikes misses you. The smoke demon gestures at you.
Something smites you! The smoke demon gestures at you. Something smites you!
* * * LOW HITPOINT WARNING * * *
The sun demon hits you.
* * * LOW HITPOINT WARNING * * *
You are engulfed in flames!!
The fire burns you terribly!
* * * LOW HITPOINT WARNING * * *
As you read the scroll of teleportation, it crumbles to dust.
You feel strangely unstable. The smoke demon gestures at you.
Something smites you!
* * * LOW HITPOINT WARNING * * *
The sun demon barely misses you. A chorus of shrieks assaults your mind.
You die...
Your body crumbles into a pile of gold.

########################
≈≈≈≈≈≈≈≈§≈≈≈°≈≈H≈≈≈≈≈≈≈≈
≈≈≈≈≈≈≈≈≈°3○≈☼R3@≈≈≈≈≈≈≈
≈≈≈≈≈≈≈≈≈≈3≈≈≈≈≈≈≈≈≈≈≈≈≈
≈≈≈X≈≈≈≈≈≈≈≈≈≈≈≈≈≈≈≈≈≈≈≈
XX≈°≈≈≈≈≈≈≈5≈≈X5X≈≈≈≈≈≈≈
≈§X≈≈XX≈≈X≈≈≈≈≈≈≈≈≈≈≈≈≈≈
≈≈≈≈≈≈≈≈≈≈X≈≈≈≈≈≈≈≈≈≈≈≈≈
≈≈h≈≈≈XX≈X.≈≈≈≈≈≈≈≈≈≈≈≈≈
.≈≈≈≈≈≈≈≈......≈≈≈≈≈≈≈≈≈
..≈≈≈..≈≈.......≈≈


You could see 3 starcursed masses, a sun demon (summoned), a manticore, a
thrashing horror (summoned), a large abomination (summoned), 2 smoke demons, an
efreet (summoned), a white imp (summoned) and an ufetubus (summoned).

Vanquished Creatures
  Gastronok (D:8)
  A fire giant (D:15)
  An orc warlord (Orc:1)
  The ghost of bande the Cleaver, a journeyman GrFi of Okawaru (Lair:5)
  Azrael (D:15)
  Josephine (D:15)
  A merfolk impaler (Shoals:1)
  Snorg (D:11)
  A yaktaur captain (D:14)
  Harold (D:8)
  Fannar (Lair:1)
  6 hydras
  A rakshasa (D:14)
  2 boulder beetles
  5 catoblepae
  6 centaur warriors
  Erica (Orc:1)
  An ogre mage (D:15)
  6 death yaks
  A deep troll shaman (Lair:6)
  10 two-headed ogres
  Urug (D:10)
  2 tengu warriors
  4 orc high priests
  Sonja (Orc:1)
  A fire crab (Lair:5)
  A deep troll (D:15)
  A glowing orange brain (D:14)
  5 lindwurms
  Pikel (D:6)
  5 orc knights
  A deep elf pyromancer (D:15)
  A necromancer (IceCv)
  7 orc sorcerers
  4 harpies (Shoals:2)
  A deep elf zephyrmancer (D:15)
  5 ugly things
  An oklob plant (Lair:4)
  6 cyclopes
  A manticore (shapeshifter) (D:15)
  4 manticores
  6 black mambas
  A merfolk siren (Shoals:1)
  A guardian serpent (Lair:4)
  18 elephants
  A water nymph (Shoals:1)
  An ice statue (IceCv)
  Joseph (D:8)
  Maurice (Orc:1)
  22 cane toads
  A cane toad (shapeshifter) (D:12)
  4 gargoyles
  Maggie (D:7)
  Psyche (D:8)
  An anaconda simulacrum (IceCv)
  3 kobold demonologists
  14 komodo dragons
  11 ice devils
  2 yaktaurs (D:14)
  4 freezing wraiths (IceCv)
  2 entropy weaver simulacra (IceCv)
  A tengu conjurer (D:14)
  A merfolk (Shoals:1)
  3 polar bears
  7 trolls
  2 hornets
  A wind drake (Shoals:1)
  23 blink frogs
  8 dream sheep
  3 snapping turtles (Shoals:1)
  A dire elephant simulacrum (IceCv)
  A vampire (D:14)
  2 wyverns
  7 wraiths
  2 shadows
  2 fire elementals (D:15)
  A water elemental (Shoals:1)
  3 fire bats (Orc:2)
  5 basilisks
  48 yaks
  A human (shapeshifter) (D:14)
  4 death yak simulacra (IceCv)
  Grum (D:8)
  2 vampire mosquitoes (D:11)
  4 harpy simulacra (IceCv)
  5 swamp worms (Lair:1)
  2 wargs
  4 acid dragons
  25 water moccasins
  2 hell hounds (D:15)
  2 ice beasts
  3 black bears
  28 orc warriors
  2 sky beasts
  A necrophage (D:4)
  37 wolves
  22 centaurs
  5 ogres
  2 kobold brigands (D:14)
  4 elf zombies (Ossuary)
  9 bullfrogs
  9 gnoll sergeants
  3 two-headed ogre simulacra (IceCv)
  4 cane toad simulacra (IceCv)
  3 scorpions
  5 elephant simulacra (IceCv)
  11 killer bees
  13 wights
  2 electric eels
  6 howler monkeys
  9 centaur zombies
  3 hounds
  3 centaur skeletons
  7 gnoll shamans
  26 orc priests
  4 iguanas
  17 orc wizards
  5 hell rats (Lair:4)
  A scorpion zombie (D:5)
  A troll simulacrum (IceCv)
  3 polar bear simulacra (IceCv)
  A spriggan simulacrum (IceCv)
  A killer bee zombie (D:7)
  4 wolf simulacra (IceCv)
  A hound zombie (D:5)
  A hound skeleton (D:4)
  3 mummies (Ossuary)
  A howler monkey zombie (D:10)
  17 gnolls
  A naga simulacrum (IceCv)
  13 adders
  2 shadow imps
  4 white imps
  An ufetubus (D:4)
  7 adder zombies (Ossuary)
  4 worms
  4 dart slugs
  65 orcs
  3 ball pythons
  9 bats
  8 endoplasms
  2 giant cockroaches
  9 goblins
  9 hobgoblins
  2 jackals (D:1)
  4 quokkas
  2 frilled lizards
  3 gnoll zombies (Ossuary)
  2 goblin zombies (Ossuary)
  6 hobgoblin zombies (Ossuary)
  4 kobolds
  2 kobold zombies (Ossuary)
  An orc zombie (Ossuary)
  5 quokka zombies (Ossuary)
  7 rats
  3 rat zombies (Ossuary)
  A butterfly (Lair:2)
832 creatures vanquished.

Vanquished Creatures (others)
  An orc wizard (D:4)
  3 orcs
  7 briar patches (Lair:1)
  5 bushes
  29 fungi
  40 plants
  4 starspawn tentacles (Shoals:2)
89 creatures vanquished.

Grand Total: 921 creatures vanquished

Notes
Turn   | Place    | Note
-------+----------+-------------------------------------------
     0 | D:1      | siradein the Troll Hunter began the quest for the Orb.
     0 | D:1      | Reached XP level 1. HP: 19/19 MP: 0/0
   349 | D:1      | You fall into a shaft and drop 1 floor!
   355 | D:2      | Reached XP level 2. HP: 27/28 MP: 1/1
   394 | D:2      | Found a faded altar of an unknown god.
   437 | D:2      | Found a white marble altar of Elyvilon.
   464 | D:2      | Reached XP level 3. HP: 35/35 MP: 2/2
   495 | D:2      | Reached skill level 1 in Maces & Flails
   611 | D:1      | Reached skill level 1 in Armour
   816 | D:1      | Reached XP level 4. HP: 42/42 MP: 3/3
   983 | D:1      | Reached skill level 4 in Throwing
  2130 | D:4      | Noticed a necrophage
  2154 | D:4      | Killed a necrophage
  2155 | D:4      | Reached XP level 5. HP: 29/50 MP: 4/4
  2300 | D:4      | Reached XP level 6. HP: 52/59 MP: 5/5
  2564 | D:4      | Found Zoannef's Antique Armour Shop.
  2699 | D:4      | Found an opulent altar of Gozag.
  2823 | D:4      | Found a hide-covered altar of Uskayaw.
  2838 | D:4      | Found an ancient bone altar of Kikubaaqudgha.
  3067 | D:5      | Entered Level 5 of the Dungeon
  3163 | D:4      | Became a worshipper of Gozag Ym Sagoz the Greedy
  3231 | D:5      | Reached XP level 7. HP: 53/67 MP: 6/6
  3404 | D:5      | Reached skill level 5 in Throwing
  3615 | D:5      | Found an iron altar of Okawaru.
  3664 | D:4      | Bought an embroidered cloak for 195 gold pieces
  3947 | D:6      | Found Wuzak's Antique Weapon Shoppe.
  4063 | D:6      | Reached XP level 8. HP: 71/78 MP: 7/7
  4102 | D:6      | Found a shimmering altar of Xom.
  4102 | D:6      | Noticed a komodo dragon
  4285 | D:5      | Killed a komodo dragon
  4644 | D:7      | Found a stormy altar of Qazlal.
  4809 | D:7      | Noticed Maggie
  4812 | D:7      | Killed Maggie
  4813 | D:7      | Reached skill level 6 in Throwing
  4915 | D:7      | Reached XP level 9. HP: 85/85 MP: 8/8
  4938 | D:7      | Noticed Pikel
  4985 | D:6      | Killed Pikel
  5168 | D:7      | Reached skill level 5 in Maces & Flails
  5181 | D:7      | Found a staircase to the Ecumenical Temple.
  5192 | D:7      | Found Qoalawue's Magic Scroll Boutique.
  5196 | D:7      | Bought a scroll of noise for 13 gold pieces
  5196 | D:7      | Bought a scroll of magic mapping for 45 gold pieces
  5196 | D:7      | Bought a scroll of blinking for 97 gold pieces
  5196 | D:7      | Bought a scroll of enchant armour for 97 gold pieces
  5196 | D:7      | Bought a scroll of identify for 26 gold pieces
  5196 | D:7      | Bought a scroll of teleportation for 39 gold pieces
  5343 | D:8      | Reached skill level 5 in Dodging
  5397 | D:8      | Reached skill level 5 in Fighting
  5412 | D:8      | Noticed Joseph
  5427 | D:8      | Killed Joseph
  5473 | D:8      | Noticed Psyche
  5483 | D:8      | Killed Psyche
  5484 | D:8      | Reached skill level 5 in Armour
  5489 | D:8      | Noticed Gastronok
  5572 | D:8      | Noticed Harold
  5588 | D:8      | Killed Harold
  5589 | D:8      | Reached skill level 1 in Staves
  5589 | D:8      | Reached XP level 10. HP: 64/96 MP: 9/9
  5595 | D:8      | Found a sand-covered staircase.
  5600 | Ossuary  | Entered an ossuary
  5701 | Ossuary  | Reached skill level 7 in Throwing
  6244 | D:8      | Killed Gastronok
  6735 | D:8      | Noticed Grum
  6772 | D:8      | Killed Grum
  6789 | D:8      | Noticed a purple ugly thing
  6799 | D:8      | Killed a purple ugly thing
  7388 | D:6      | Bought a runed lajatang for 414 gold pieces
  7729 | D:9      | Found a staircase to the Lair.
  7740 | D:9      | You fall into a shaft and drop 1 floor!
  7740 | D:10     | Entered Level 10 of the Dungeon
  7978 | D:9      | Found a hazy altar of Hepliaklqana.
  7985 | D:9      | Found a sacrificial altar of Ru.
  8346 | D:9      | Noticed a moth of wrath
  8374 | D:9      | Found a bloodstained altar of Trog.
  8490 | D:9      | Reached XP level 11. HP: 87/107 MP: 10/10
  8637 | D:9      | Reached skill level 8 in Throwing
  8744 | D:10     | Noticed a two-headed ogre
  8760 | D:10     | Killed a two-headed ogre
  8794 | D:10     | Reached skill level 1 in Evocations
  9349 | D:10     | Found a glowing golden altar of the Shining One.
  9351 | D:10     | Identified a scroll of acquirement
  9491 | D:10     | Noticed a lindwurm
  9508 | D:10     | Noticed a lindwurm
  9508 | D:10     | Noticed a lindwurm
  9510 | D:10     | Noticed a lindwurm
  9518 | D:10     | Killed a lindwurm
  9521 | D:10     | Killed a lindwurm
  9521 | D:10     | Killed a lindwurm
  9593 | D:10     | Killed a lindwurm
 10085 | D:10     | Identified the +3 buckler "Sob Oxopn" {rN+ Stlth+}
 10102 | D:10     | Noticed a two-headed ogre
 10172 | D:10     | Noticed a centaur warrior
 10272 | D:10     | Killed a two-headed ogre
 10392 | D:10     | Killed a centaur warrior
 10393 | D:10     | Reached skill level 5 in Staves
 10721 | D:11     | Noticed a green ugly thing
 10733 | D:10     | Killed a green ugly thing
 10744 | D:11     | Reached XP level 12. HP: 107/118 MP: 11/11
 10973 | D:7      | Bought a scroll of teleportation for 39 gold pieces
 10973 | D:7      | Bought a scroll of identify for 26 gold pieces
 10974 | D:7      | Gained mutation: You expend magic power (3 MP) to
                  | strengthen your wands. [potion of mutation]
 10974 | D:7      | Gained mutation: You are dopey. (Int -2) [potion of
                  | mutation]
 10974 | D:7      | Gained mutation: You are very dopey. (Int -4) [potion of
                  | mutation]
 10974 | D:7      | Gained mutation: You have sharp toenails. [potion of
                  | mutation]
 11100 | D:11     | Noticed Urug
 11302 | D:10     | Killed Urug
 11506 | D:11     | Bought a scroll of identify for 38 gold pieces
 11506 | D:11     | Bought a scroll of enchant armour for 142 gold pieces
 11533 | D:11     | Reached skill level 9 in Throwing
 11536 | D:11     | Acquired a manual of Throwing
 11669 | D:11     | Noticed Snorg
 11977 | Lair:1   | Entered Level 1 of the Lair of Beasts
 11998 | Lair:1   | Noticed Fannar
 12036 | Lair:1   | Killed Fannar
 12633 | Lair:1   | Found a transporter.
 12655 | Lair:1   | Found a transporter.
 12694 | Lair:1   | Reached skill level 10 in Throwing
 13306 | Lair:2   | Noticed a six-headed hydra
 13407 | Lair:1   | Killed a seven-headed hydra
 13408 | Lair:1   | Reached XP level 13. HP: 67/127 MP: 12/12
 13493 | Lair:2   | Found a staircase to the Shoals.
 13997 | Lair:2   | Lost mutation: You are very dopey. (Int -4) [potion of
                  | mutation]
 13997 | Lair:2   | Lost mutation: You expend magic power (3 MP) to strengthen
                  | your wands. [potion of mutation]
 13997 | Lair:2   | Gained mutation: You have hidden genetic defects. [potion
                  | of mutation]
 13997 | Lair:2   | Gained mutation: Your magical capacity is low. (-10% MP)
                  | [potion of mutation]
 13998 | Lair:2   | Lost mutation: You are dopey. (Int -2) [potion of mutation]
 13998 | Lair:2   | Lost mutation: Your magical capacity is low. (-10% MP)
                  | [potion of mutation]
 13998 | Lair:2   | Lost mutation: You have sharp toenails. [potion of
                  | mutation]
 13998 | Lair:2   | Gained mutation: You tend to lose your temper in combat.
                  | [potion of mutation]
 13998 | Lair:2   | Gained mutation: You are partially covered in iridescent
                  | scales. (AC +2) [potion of mutation]
 14675 | Lair:3   | Found an iron altar of Okawaru.
 14983 | Lair:3   | Reached skill level 11 in Throwing
 15534 | Lair:4   | Found a staircase to the Snake Pit.
 15560 | Lair:3   | Gained mutation: You are weak. (Str -2) [hidden defects]
 15836 | Lair:4   | Reached skill level 5 in Evocations
 16191 | Lair:4   | Gained mutation: Your magical capacity is low. (-10% MP)
                  | [hidden defects]
 16191 | Lair:4   | Lost mutation: You have hidden genetic defects. [hidden
                  | defects expressed]
 16417 | Lair:4   | Bought the ring "Zyhoarch" {rElec Will- Int+4 Dex+2 SInv}
                  | for 448 gold pieces
 16714 | Lair:4   | Found the +8 whip "Snakebite" {venom, curare, rPois}
 17446 | Lair:5   | Found a runed translucent gate.
 17446 | Lair:5   | Found a runed translucent gate.
 17446 | Lair:5   | Found a runed translucent gate.
 17621 | Lair:5   | Found a viscous altar of Jiyva.
 17621 | Lair:5   | Found a staircase to the Slime Pits.
 17655 | Lair:5   | Reached XP level 14. HP: 125/140 MP: 11/11
 17698 | Lair:5   | Noticed bande's ghost (journeyman GrFi)
 17752 | Lair:5   | Reached skill level 12 in Throwing
 18324 | D:11     | Killed Snorg
 18654 | Lair:6   | Entered Level 6 of the Lair of Beasts
 20890 | D:12     | Identified the +1 robe "Dokh" {rElec rC- Str+6 Int-3}
 20896 | D:12     | Found a frozen archway.
 20971 | IceCv    | Entered an ice cave
 21051 | IceCv    | Reached skill level 13 in Throwing
 21308 | IceCv    | Found an ancient bone altar of Kikubaaqudgha.
 21959 | IceCv    | Reached skill level 10 in Dodging
 22281 | IceCv    | Reached skill level 10 in Fighting
 22351 | IceCv    | Reached XP level 15. HP: 75/147 MP: 12/12
 22466 | IceCv    | Identified the ring "Pynollio" {rF++ rC- rN+}
 22931 | D:12     | Found a staircase to the Orcish Mines.
 23090 | D:13     | Found a white marble altar of Elyvilon.
 24856 | D:13     | Reached skill level 10 in Armour
 25733 | D:14     | Found a flagged portal.
 25742 | Bailey   | Entered a bailey
 26135 | Bailey   | Identified the +10 demon blade of Oenomania {pain, Str+3}
 26456 | D:12     | Bought the +7 ice dragon scales "Ukamon" {rF- rC++ Str+8
                  | Int+4 Slay-6} for 1521 gold pieces
 26963 | D:14     | Found a gate to the Vaults.
 27372 | D:15     | Entered Level 15 of the Dungeon
 27398 | D:15     | Found a staircase to the Depths.
 27398 | D:15     | Noticed a fire giant
 27416 | D:15     | Noticed Azrael
 27440 | D:15     | Killed Azrael
 27504 | D:15     | Acquired the ring "Dokeatapu" {rF+ Int+6 Dex+4}
 27991 | D:15     | Reached skill level 14 in Throwing
 28203 | D:14     | Noticed an iron dragon
 28203 | D:14     | Noticed a shadow dragon
 28867 | Lair:1   | Identified the ring "Jossir" {rN+ MP+9 Slay+3}
 29027 | Lair:5   | Killed bande's ghost
 29608 | Orc:1    | Entered Level 1 of the Orcish Mines
 29623 | Orc:1    | Noticed Maurice
 29637 | Orc:1    | Killed Maurice
 29795 | Orc:2    | Entered Level 2 of the Orcish Mines
 29922 | Orc:2    | Paralysed by an orc sorcerer for 7 turns
 30270 | Orc:2    | Noticed an orc warlord
 30512 | Orc:1    | Killed an orc warlord
 30666 | Orc:2    | Found a staircase to the Elven Halls.
 30791 | Orc:2    | Gained mutation: You are very weak. (Str -4) [a neqoxec]
 30795 | Orc:2    | Paralysed by an orc sorcerer for 6 turns
 30796 | Orc:2    | Gained mutation: Armour fits poorly on your strangely
                  | shaped body. [a neqoxec]
 30983 | Orc:2    | Paralysed by an orc sorcerer for 7 turns
 31225 | Orc:2    | Reached skill level 1 in Shields
 31330 | Orc:2    | Paralysed by an orc sorcerer for 3 turns
 31368 | Orc:2    | HP: 7/152 [barbs]
 31682 | Orc:2    | Found Wuhuz's Antique Armour Emporium.
 31683 | Orc:2    | Found Pefid's Antique Weapon Shoppe.
 31685 | Orc:2    | Found Pesurosk's General Store.
 31685 | Orc:2    | Found Vupil's Book Emporium.
 31690 | Orc:2    | Bought the +0 mask of the Dragon {Will+ Slay+3 SInv} for
                  | 968 gold pieces
 31690 | Orc:2    | Found the +0 mask of the Dragon {Will+ Slay+3 SInv}
 31924 | Orc:1    | Noticed Erica
 31939 | Orc:1    | Killed Erica
 32188 | Orc:1    | Noticed Sonja
 32193 | Orc:1    | Killed Sonja
 32194 | Orc:1    | Reached XP level 16. HP: 118/161 MP: 13/13
 32974 | D:15     | Noticed Josephine
 32985 | D:15     | Killed Josephine
 33086 | D:15     | Reached skill level 10 in Staves
 33661 | Shoals:1 | Entered Level 1 of the Shoals
 34200 | Shoals:1 | Identified the +7 broad axe of Circularity {vorpal, rCorr}
 34543 | Shoals:1 | Found Koqas's General Store.
 34571 | Shoals:1 | You are sucked into a shaft and drop 1 floor!
 34843 | Shoals:2 | Noticed Mlioglotl
 34844 | Shoals:2 | Noticed a tentacled starspawn
 34876 | Shoals:2 | HP: 1/161 [smoke demon/divine providence[Mlioglotl] (12)]
 34876 | Shoals:2 | Killed from afar by a starcursed mass

Illustrated notes

Levels and vault maps discovered:
D:1:      dpeg_arrival_snail, layout_loops_corners, minmay_pentomino_r4
D:2:      layout_rooms, basic_altar, hellmonk_ecumenical_altar_zigzags,
          lemuel_another_geyser
D:3:      layout_rooms, kennysheep_generic_room_2
D:4:      layout_basic, grunt_gozag_breadcrumbs,
          mainiacjoe_overflow_catch_the_wave, serial_shops,
          nicolae_shop_behind_doors
D:5:      layout_rooms, kennysheep_okawaru_gauntlet
D:6:      layout_cave_pools, overflow_temple_1_default, serial_shops, shop
D:7:      layout_gridville, mainiacjoe_overflow_alcove_1,
          minmay_temple_entry_mist, serial_shops, shop, uniq_pikel, uniq_maggie
D:8:      layout_basic, enter_ossuary_5, uniq_psyche, uniq_joseph,
          uniq_gastronok, uniq_harold, uniq_grum
D:9:      layout_basic, mainiacjoe_overflow_catwalk_spiral, tgw_trog,
          erik_lair_island, mrwooster_statue_mirror, nicolae_zen_rock_garden
D:10:     kennysheep_windowed_halls, layout_cave_pods,
          nicolae_tso_swordbearing_angel, minmay_lindwurm_lava
D:11:     layout_gridville, uniq_snorg, uniq_urug
D:12:     layout_rooms, orc_0_dummy, portal_ice_cave_demonic_guard
D:13:     layout_layer_cave, elyvilon_altar_5
D:14:     minmay_connected_triangles_in_corner, layout_stronghold,
          david_vaults_2, enter_bailey_8
D:15:     grunt_enter_depths_giant_problem, layout_basic, serial_curves,
          eino_curves_02, eino_curves_04, minmay_tree_intersection,
          kennysheep_inner_square, uniq_azrael, uniq_josephine
Lair:1:   gammafunk_worm_tunnel, layout_loops_ring, grunt_megastairs_3,
          uniq_fannar
Lair:2:   layout_hall_layers, minmay_shoals_entry_centaurs,
          chequers_serial_rivers_micro_a, lemuel_fruit_tree,
          infiniplex_staircase_pool_2, lemuel_fruit_fields, lemuel_fruit_fields,
          serial_bayou_shore_b
Lair:3:   layout_loops_ring, basic_altar
Lair:4:   minmay_guarded_unrand_snakebite, layout_concentric_octagons,
          minmay_snake_entry_spellcaster, minmay_lair_oklob_bushes, st_stairs_6
Lair:5:   layout_regular_city, slime_altar_1, gammafunk_ghost_split,
          grunt_megastairs_2
Lair:6:   grunt_lair_end_beastmaster, layout_loops_ring,
          infiniplex_staircase_pool, grunt_megastairs_4
Shoals:1: layout_shoals, serial_shops, shop, nicolae_shoals_square_sea_wall,
          nicolae_shoals_lost_giant_pillars, uniq_kirke
Shoals:2: layout_shoals, nicolae_stop_n_shop_2, uniq_mlioglotl
Orc:1:    layout_caves, uniq_erica, uniq_maurice, uniq_sonja
Orc:2:    st_orc_congregation, layout_caves, nicolae_orc_lava_tube

Skill      XL: |  1  2  3  4  5  6  7  8  9 10 11 12 13 14 15 16 |
---------------+-------------------------------------------------+-----
Fighting       | 2 3 4 5 6 7 8 9 10 | 10.9
Maces & Flails | 1 2 3 4 5 |  5.3
Dodging        | 2 3 4 5 6 7 8 9 10 11 | 11.0
Armour         | 1 2 3 4 5 6 7 8 9 10 | 10.8
Throwing       | 4 5 6 7 8 10 11 13 14 | 14.8
Staves         | 1 3 5 6 7 8 9 10 | 10.1
Evocations     | 2 4 5 6 7 |  7.9
Shields        | 1 2 |  2.5
Stealth        | |  0.3

Action                   |  1- 3 |  4- 6 |  7- 9 | 10-12 | 13-15 | 16-18 || total
-------------------------+-------+-------+-------+-------+-------+-------++-------
Melee: Mace              |    72 |   120 |   262 |       |       |       ||   454
       Quarterstaff      |       |       |    23 |   283 |       |       ||   306
       Lajatang          |       |       |       |   776 |  2179 |       ||  2955
       Kick              |       |       |       |   115 |    27 |       ||   142
       Whip              |       |       |       |       |   340 |   260 ||   600
 Fire: Fustibalus        |       |       |       |       |    33 |     3 ||    36
Throw: Stone             |       |     5 |    34 |   129 |    10 |       ||   178
       Large rock        |       |       |    14 |    10 |    25 |       ||    49
       Throwing net      |       |       |     2 |     2 |       |       ||     4
       Boomerang         |       |       |     5 |    12 |     2 |     9 ||    28
       Dart              |       |       |       |    14 |    10 |     4 ||    28
Invok: Call Merchant     |       |       |       |     1 |     3 |     1 ||     5
       Potion Petition   |       |       |       |       |     1 |       ||     1
Evoke: Wand              |       |       |       |    12 |     1 |       ||    13
       Condenser vane    |       |       |       |       |       |     1 ||     1
  Use: Scroll            |       |       |    11 |    13 |    16 |     2 ||    42
       Potion            |       |       |       |     1 |    11 |     1 ||    13
 Stab: Sleeping          |     3 |     2 |       |     1 |       |       ||     6
       Distracted        |       |       |     1 |     2 |     9 |     2 ||    14
       Held in net/web   |       |       |     1 |     1 |       |       ||     2
       Petrified         |       |       |       |       |     1 |       ||     1
Armor: Robe              |    34 |    57 |    63 |       |       |       ||   154
       Acid dragon scale |       |       |    35 |   464 |   488 |       ||   987
       Ice dragon scales |       |       |       |       |   681 |   145 ||   826
Dodge: Dodged            |    46 |   108 |   235 |  1119 |  1910 |   126 ||  3544
Block: Kite shield       |       |       |       |       |   232 |   215 ||   447

Table legend: (Time is in decaauts)
 A = Elapsed time spent in this place.
 B = Non-inter-level travel time spent in this place.
 C = Inter-level travel time spent in this place.
 D = Time resting spent in this place.
 E = Time spent auto-exploring this place.
 F = Levels seen in this place.
 G = Mean time per level.
                   A        B        C        D        E       F      G
               +--------+--------+--------+--------+--------+-----+--------+
         Total |  34435 |  30731 |   3704 |   2878 |  17391 |  28 | 1229.8 |
       Dungeon |  18884 |  16559 |   2325 |    920 |  10153 |  15 | 1258.9 |
          Lair |   9290 |   7967 |   1323 |    567 |   5042 |   6 | 1548.3 |
        Shoals |   1219 |   1219 |      0 |    666 |    291 |   2 |  609.5 |
  Orcish Mines |   2584 |   2530 |     54 |    136 |   1076 |   2 | 1292.0 |
       Ossuary |    469 |    469 |      0 |      0 |    205 |   1 |  469.0 |
        Bailey |    452 |    452 |      0 |      0 |    271 |   1 |  452.0 |
      Ice Cave |   1535 |   1535 |      0 |    588 |    352 |   1 | 1535.0 |
               +--------+--------+--------+--------+--------+-----+--------+

Top non-repeatable levels by time:
    D:10: 2518 daAuts
     D:8: 1891 daAuts
    D:15: 1888 daAuts
   Orc:2: 1825 daAuts
  Lair:1: 1784 daAuts
  Lair:4: 1686 daAuts
    D:14: 1613 daAuts
  Lair:6: 1590 daAuts
     D:9: 1538 daAuts
   IceCv: 1535 daAuts
  Lair:3: 1462 daAuts
    D:13: 1417 daAuts
  Lair:5: 1386 daAuts
  Lair:2: 1380 daAuts
     D:4: 1344 daAuts
